 Adventure DCSS version bcrawl-1.31 (webtiles) character file.

Game seed: 3860101192744844791

97170 Chiseanne the Magician (level 3, 24/24 HPs)
             Began as a Demonspawn Wizard on Mar 16, 2021.
             Quit the game on level 1 of the Dungeon.
             The game lasted 00:04:48 (1342 turns).

Chiseanne the Magician (Demonspawn Wizard)          Turns: 1342, Time: 00:04:48

Health: 24/24      AC:  2    Str:  7    XL:     3   Next: 8%
Magic:  8/8        EV: 12    Int: 20    God:
Gold:   30         SH:  0    Dex: 11    Spells: 9/10 levels left
                                        Lives:  1   Deaths: 1

rFire    . . .     SeeInvis .   a - +0 staff
rCold    . . .     Gourm    .   (no shield)
rNeg     . . .     Faith    .   b - +0 robe
rPois    .         Spirit   .   c - +0 hat
rElec    .         Reflect  .   (no cloak)
rCorr    .         Harm     .   (no gloves)
MR       .....                  (no boots)
Stlth    ++........             (no amulet)
HPRegen  0.08/turn              (no ring)
MPRegen  0.11/turn              (no ring)

@: no status effects
A: rot immunity, sanguine armour 1
a: no special abilities


You were on level 1 of the Dungeon.
You were not hungry.

You visited 1 branch of the dungeon, and saw 1 of its levels.

You collected 30 gold pieces.

Inventory:

Hand Weapons
 a - a +0 staff (weapon)
Armour
 b - a +0 robe (worn)
 c - a +0 hat (worn)
Jewellery
 g - an uncursed ring of poison resistance {unknown}
 h - the cursed ring of Birdsong {Ice rN+, unknown}
   (You found it on level 1 of the Dungeon)

   [ring of ice]

   It enhances your ice magic.
   It makes you vulnerable to fire.
   It protects you from cold.
   It protects you from negative energy.
   It has a curse placed upon it.
Scrolls
 i - a scroll of identify
 j - a scroll of remove curse {unknown}
Potions
 d - a potion of ambrosia {unknown}
 f - a potion of brilliance
Comestibles
 e - 3 rations {!d}
 k - 2 chunks of flesh


   Skills:
 - Level 1.7 Dodging
 - Level 2.0 Stealth
 * Level 4.1 Spellcasting
 * Level 1.5 Conjurations
   Level 1.0 Summonings
   Level 0.8 Translocations


You had 9 spell levels left.
You knew the following spells:

 Your Spells              Type           Power        Failure   Level  Hunger
a - Magic Dart            Conj           ##..         7%          1    None

Your spell library contained the following spells:

 Spells                   Type           Power        Failure   Level  Hunger
 Call Imp                 Summ           #.....       13%         2    None
 Blink                    Tloc           N/A          14%         2    None
 Conjure Flame            Conj/Fire      #.......     28%         3    ###....
 Mephitic Cloud           Conj/Pois/Air  #.......     30%         3    ###....
 Spider Form              Tmut/Pois      #..          36%         3    ###....


Dungeon Overview and Level Annotations

Branches:
Dungeon (1/12)

Altars:


Innate Abilities, Weirdness & Mutations

You are immune to rotting.
When seriously injured, your bleeding wounds create armour. (AC +0)


Message History

You open the door.
A goblin comes into view.
There is an open door here.
The goblin shouts!
The goblin closely misses you. The goblin closely misses you.
You closely miss the goblin. The goblin closely misses you.
You are feeling hungry.
You closely miss the goblin. The goblin barely misses you.
You hit the goblin but do no damage. The goblin barely misses you.
You hit the goblin.
You kill the goblin!
You see here a goblin corpse.
You see here a goblin corpse.
You butcher the goblin corpse.
k - 3 chunks of flesh You see here a goblin skeleton.
Eat one of 3 chunks of flesh? (ye/n/q)
You eat one of the 3 chunks of flesh.
This raw flesh tastes terrible.
Are you sure you want to abandon this character and quit the game? (Confirm with "yes".)

....†.......#.##.......#####.#
#####...............####
#.#### ########............#
#.#... ...### ##...#.......#
#..... .....## ##..#.......#
###... ##....## #..#.......#
#... ####...# #...#......#
#... ...##..####...).....#
#... ##..#...# #.#...@...#
#... .##.##..# #.#.#.#'######
#### .##.##..# #.#.#.#......#
### .##.##..# #.#.#.#......#
#.. ##..#...# #.#.#.#.[....#
#.# ...##..####.....#......#
#####.# ####...#
#...#..#..##'## #.....#
##....##
#..........#.#####.#####
.....##
##.....#..#.#...)....#...


There were no monsters in sight!

Vanquished Creatures
  A dart slug (D:1)
  A leopard gecko (D:1)
  2 giant cockroaches (D:1)
  7 goblins (D:1)
  7 hobgoblins (D:1)
  7 kobolds (D:1)
  A quokka (D:1)
  5 bats (D:1)
  A frilled lizard (D:1)
32 creatures vanquished.

Notes
Turn   | Place    | Note
-------+----------+-------------------------------------------
     0 | D:1      | Chiseanne the Demonspawn Wizard began the quest for the
                  | Orb.
     0 | D:1      | Reached XP level 1. HP: 13/13 MP: 4/4
   343 | D:1      | Gained mutation: When seriously injured, your bleeding
                  | wounds create armour. (AC +0) [demonic ancestry]
   343 | D:1      | Reached XP level 2. HP: 5/19 MP: 6/6
   349 | D:1      | Slain by a goblin
   350 | D:1      | Reached XP level 1. HP: 0/13 MP: 4/4
   621 | D:1      | Reached XP level 2. HP: 19/19 MP: 1/6
   940 | D:1      | Reached skill level 4 in Spellcasting
  1094 | D:1      | Gained mutation: You are immune to rotting. [demonic
                  | ancestry]
  1094 | D:1      | Reached XP level 3. HP: 17/24 MP: 2/8
  1307 | D:1      | Got a pitted jade ring
  1342 | D:1      | Quit the game

Skill      XL: |  1  2 |
---------------+-------+-----
Spellcasting   | 4 |  4.1
Dodging        | |  1.7
Stealth        | |  2.0
Conjurations   | |  1.5
Summonings     | |  1.0
Translocations | |  0.8

Action                   || total
-------------------------++-------
Melee: Staff             ||   101
 Cast: Magic Dart        ||    53
  Use: Scroll            ||     1
 Stab: Sleeping          ||     1
  Eat: Chunk             ||     4
Armor: Robe              ||    28
Dodge: Dodged            ||    92
